 Dungeon Crawl Stone Soup version 0.23.0-3-gf3c87f2 (webtiles) character file.

Game seed: 13867237819860625545

39 misha the Poker (level 3, -10/28 HPs)
             Began as a Merfolk Gladiator on Feb 23, 2019.
             Killed by divine providence
             ... invoked by an orc priest
              (15 damage)
             ... on level 2 of the Dungeon.
             The game lasted 00:04:54 (1373 turns).

misha the Poker (Merfolk Gladiator)                 Turns: 1373, Time: 00:04:55

Health: -10/28     AC:  5    Str: 15    XL:     3   Next: 45%
Magic:  3/3        EV: 14    Int:  7    God:
Gold:   91         SH:  0    Dex: 15    Spells: 2/2 levels left

rFire    . . .     SeeInvis .   b - +2 dagger (drain)
rCold    . . .     Gourm    .   (no shield)
rNeg     . . .     Faith    .   o - +0 leather armour
rPois    .         Spirit   .   c - +1 helmet
rElec    .         Reflect  .   (no cloak)
rCorr    .         Harm     .   (no gloves)
MR       .....                  (no boots)
Stlth    ++........             (no amulet)
HPRegen  0.09/turn              (no ring)
MPRegen  0.08/turn              (no ring)

@: no status effects
A: change form in water, swift swim, stealthy swim
a: no special abilities


You were on level 2 of the Dungeon.
You were not hungry.

You visited 1 branch of the dungeon, and saw 2 of its levels.

You collected 91 gold pieces.

Inventory:

Hand Weapons
 a - a +0 trident
 b - a +2 dagger of draining (weapon)
Missiles
 d - 3 throwing nets (quivered)
 e - 15 arrows
 g - 23 stones
 k - 22 bolts
 l - 6 sling bullets
 p - 3 tomahawks
Armour
 c - a +1 helmet (worn)
 o - a +0 leather armour (worn)
Jewellery
 n - an uncursed ring of protection from magic {unknown}
Scrolls
 i - a scroll of teleportation {unknown}
Potions
 h - 2 potions of curing {unknown}
 j - a potion of brilliance {unknown}
 m - a potion of flight {unknown}
 q - a potion of might {unknown}
Comestibles
 f - 2 rations


   Skills:
 + Level 2.4 Fighting
 + Level 5.4 Polearms
 + Level 2.1 Throwing
 + Level 0.1 Armour
 + Level 4.2 Dodging
 + Level 1.3 Stealth


You had 2 spell levels left.
You didn't know any spells.
Your spell library was empty.

Dungeon Overview and Level Annotations

Branches:
Dungeon (2/15)

Altars:

Annotations:
D:2 Sigmund


Message History

An orc comes into view. It is wielding a +0 club.
The orc shouts!
An orc comes into view. It is wielding a +0 club.
An orc wizard comes into view. It is wielding a +0 dagger.
The orc shouts!
The orc priest calls down the wrath of Beogh upon you.
Beogh smites you!
The orc priest calls down the wrath of Beogh upon you.
Beogh smites you!
* * * LOW HITPOINT WARNING * * *
The orc priest barely misses you.
The orc wizard casts a spell.
The orc wizard blinks!
The orc priest mumbles some strange prayers to Beogh against you.
You barely resist.
The orc priest looks satisfied for a moment.
The orc priest calls down the wrath of Beogh upon you.
Beogh smites you!
Ouch! That really hurt!
You die...

######### ...##).<#. #.......#
..# ########..... #......# #.#
............. '......# #.#
########.#... #......## ###.#
#........ #######.## #.##.#
#.##..... #..###..##.# # #....#
#.....<..#.# #....#
######......###@# #......
#.....###.....#.# ######.
#.....'...###.#.# .
#.....####### #o# #............
#o#############...
#......########o..o.............
#......######............####...
####......##..#########..#
#......##.## ....#


You could see an orc priest, an orc wizard and an orc.

Vanquished Creatures
  A gnoll (D:1)
  A dart slug (D:1)
  3 giant cockroaches
  5 goblins
  2 hobgoblins (D:1)
  A ball python (D:1)
  3 frilled lizards (D:1)
  5 kobolds
  7 rats
28 creatures vanquished.

Notes
Turn   | Place    | Note
-------+----------+-------------------------------------------
     0 | D:1      | misha the Merfolk Gladiator began the quest for the Orb.
     0 | D:1      | Reached XP level 1. HP: 16/16 MP: 1/1
   205 | D:1      | Reached XP level 2. HP: 19/22 MP: 2/2
   329 | D:1      | Reached skill level 5 in Polearms
   560 | D:1      | Reached skill level 1 in Stealth
   630 | D:1      | Reached XP level 3. HP: 28/28 MP: 3/3
  1036 | D:2      | Noticed Sigmund
  1373 | D:2      | Killed from afar by an orc priest

Skill      XL: |  1  2 |
---------------+-------+-----
Polearms       | 5 |  5.4
Stealth        | 1 |  1.3
Fighting       | |  2.4
Throwing       | |  2.1
Armour         | |  0.1
Dodging        | |  4.2

Action                   || total
-------------------------++-------
Melee: Trident           ||    61
       Dagger            ||    17
  Use: Scroll            ||     3
 Stab: Sleeping          ||     4
  Eat: Chunk             ||     1
Armor: Leather armour    ||    11
Dodge: Dodged            ||    45
